 Dungeon Crawl Stone Soup version 0.30-a0-800-g7c544603b3 (webtiles) character file.

Game seed: 7851502413357431269

18351 BubbleThief the Fighter (level 12, -12/103 HPs)
             Began as a Demonspawn Necromancer on Feb 22, 2023.
             Was an Elder of Kikubaaqudgha.
             Killed by divine providence
             ... invoked by a meliai
              (13 damage)
             ... on level 12 of the Dungeon.
             The game lasted 00:27:54 (13500 turns).

BubbleThief the Fighter (Demonspawn Necromancer)   Turns: 13500, Time: 00:27:55

Health: -12/103    AC:  9    Str: 14    XL:     12   Next: 26%
Magic:  5/15       EV: 22    Int: 22    God:    Kikubaaqudgha [****..]
Gold:   200        SH:  0    Dex: 22    Spells: 5/15 levels left

rFire   . . .      SeeInvis +    y - +6 double sword (protect)
rCold   . . .      Faith    .    (no shield)
rNeg    . . .      Spirit   .    E - +0 steam dragon scales
rPois   +          Reflect  .    I - +0 helmet
rElec   .          Harm     .    (no cloak)
rCorr   .          Rampage  .    n - +0 pair of gloves of Responsibility {rPois Will++}
Will    ++++.                    (no boots)
Stlth   ++                       (no amulet)
HPRegen 2.37/turn                o - ring "Qimol" {Contam Will++ Str+6 Dex+2 SInv}
MPRegen 0.14/turn                k - +6 ring of intelligence

@: lethally poisoned (-12 -> -13), animating dead
A: hooves 1, molten scales 1, foul stench 1, powered by death 2
a: Renounce Religion, Unearth Wretches


You were on level 12 of the Dungeon.
You worshipped Kikubaaqudgha.
Kikubaaqudgha was greatly pleased with you.
You visited 2 branches of the dungeon, and saw 13 of its levels.

You collected 654 gold pieces.
You spent 454 gold pieces at shops.

Inventory:

Hand Weapons
 y - a +6 double sword of protection (weapon)
Missiles
 G - 2 throwing nets
Armour
 n - the +0 pair of gloves of Responsibility (worn) {rPois Will++}
   (You found it on level 10 of the Dungeon)

   rPois:     It protects you from poison.
   Will:      It greatly increases your willpower.
 A - a +0 buckler
 E - +0 steam dragon scales (worn)
 I - a +0 helmet (worn)
Jewellery
 c - a ring of protection from fire
 k - a +6 ring of intelligence (right hand)
 o - the ring "Qimol" (left hand) {Contam Will++ Str+6 Dex+2 SInv}
   (You found it on level 2 of the Dungeon)

   [ring of strength]

   Str:       It affects your strength (+6).
   Dex:       It affects your dexterity (+2).
   SInv:      It lets you see invisible.
   Contam:    It causes magical contamination when unequipped.
   Will:      It greatly increases your willpower.
 q - a ring of poison resistance
 u - a ring of flight
 v - an amulet of guardian spirit
 Q - a ring of willpower
Wands
 B - a wand of polymorph (24)
 D - a wand of mindburst (2)
 K - a wand of flame (36)
 R - a wand of digging (5)
Scrolls
 d - a scroll of silence
 e - 2 scrolls of fog
 h - 7 scrolls of identify
 l - a scroll of enchant armour
 s - 4 scrolls of teleportation
 t - a scroll of poison
Potions
 a - 2 potions of might {unknown}
 b - a potion of magic
 g - 3 potions of flight
 i - 7 potions of curing
 j - a potion of haste
 m - 2 potions of attraction {unknown}
 p - 2 potions of invisibility {unknown}
 r - 2 potions of resistance {unknown}
 x - 3 potions of degeneration {unknown}
 z - a potion of ambrosia {unknown}
 F - a potion of cancellation {unknown}
 J - 2 potions of lignification {unknown}
 N - 2 potions of mutation {unknown}
 P - 2 potions of brilliance


   Skills:
 - Level 12.7 Fighting
 + Level 7.7 Long Blades
 - Level 12.2 Dodging
 - Level 1.7 Stealth
 - Level 2.4 Spellcasting
 - Level 5.1 Necromancy


You had 5 spell levels left.
You knew the following spells:

 Your Spells              Type           Power      Damage    Failure   Level
a - Necrotise             Necr           100%       1d9       1%          1
b - Vampiric Draining     Necr           25%        2d7       4%          3
d - Cigotuvi's Dreadful   Necr/Pois/Air  20%        N/A       10%         2
e - Animate Dead          Necr           25%        N/A       16%         4

Your spell library contained the following spells:

 Spells                   Type           Power      Damage    Failure   Level
 Sublimation of Blood     Necr           25%        N/A       2%          2
 Kiss of Death            Conj/Necr      52%        2d9       4%          1
 Apportation              Tloc           4%         N/A       13%         1
 Poisonous Vapours        Pois/Air       4%         N/A       21%         2
 Scorch                   Fire           4%         2d5       21%         2
 Static Discharge         Conj/Air       4%         2-3/arc   21%         2
 Call Canine Familiar     Summ           2%         N/A       36%         3
 Inner Flame              Hex/Fire       2%         N/A       36%         3
 Mephitic Cloud           Conj/Pois/Air  2%         N/A       36%         3
 Ozocubu's Armour         Ice            2%         N/A       36%         3
 Portal Projectile        Hex/Tloc       4%         N/A       36%         3
 Vhi's Electric Charge    Tloc/Air       4%         N/A       36%         3
 Agony                    Necr           25%        N/A       41%         5
 Anguish                  Hex/Necr       6%         N/A       43%         4
 Flame Wave               Conj/Fire      2%         2d4       78%         4
 Leda's Liquefaction      Hex/Erth       1%         N/A       78%         4
 Sticky Flame             Conj/Fire      2%         2d3       78%         4
 Borgnjor's Vile Clutch   Necr/Erth      6%         N/A       78%         5
 Alistair's Intoxication  Tmut/Pois      1%         N/A       98%         5
 Arcjolt                  Conj/Air       1%         1d11      98%         5
 Lightning Bolt           Conj/Air       1%         1d12      98%         5
 Simulacrum               Ice/Necr       6%         N/A       100%        6
 Summon Cactus Giant      Summ           1%         N/A       100%        6
 Orb of Destruction       Conj           1%         9d5       100%        7


Dungeon Overview and Level Annotations

Branches:
Dungeon (12/15)            Temple (1/1) D:6            Lair (0/5) D:8
    Orc (0/2) D:11

Altars:
Ashenzari
Dithmenos
Fedhas
Gozag
Hepliaklqana
Kikubaaqudgha
Okawaru
Qazlal
Ru
Sif Muna
Uskayaw
Wu Jian
Xom

Shops:
D:6 (   D:11 ?([

Annotations:
D:9 1 runed translucent door, asti's ghost, novice MiBe
D:11 3 runed translucent doors, domi's ghost, journeyman DsCj


Innate Abilities, Weirdness & Mutations

You have large cloven feet.
You are partially covered in molten scales. (AC +2)
You may rarely emit foul miasma when damaged in melee.
You regenerate health from kills.


Message History

The meliai closely misses you. x2; The meliai misses you. x2
Casting: Animate Dead (dangerous; 16% risk of failure)
Confirm with . or Enter, or press ? or * to list all spells.
Aiming: Vampiric Draining (mildly dangerous; 4% risk of failure)
Press: ? - help, Shift-Dir - straight line, f - meliai
Aim: a meliai, wielding a +0 war axe and wearing a +0 leather armour You draw life force from the meliai!
You feel life coursing into your body. The meliai barely misses you.
The meliai stings you.
* * * LOW HITPOINT WARNING * * *
The meliai misses you. The meliai closely misses you.
The meliai completely misses you. The meliai stings you.
* * * LOW HITPOINT WARNING * * *
You are poisoned.
The meliai poisons you! The meliai completely misses you.
The meliai closely misses you. x2; The meliai stings you.
* * * LOW HITPOINT WARNING * * *
The meliai hits you but does no damage. The meliai completely misses you.
Casting: Vampiric Draining (mildly dangerous; 4% risk of failure)
Confirm with . or Enter, or press ? or * to list all spells.
Aiming: Vampiric Draining (mildly dangerous; 4% risk of failure)
Press: ? - help, Shift-Dir - straight line, f - meliai, p - meliai
Aim: a meliai, wielding a +0 hand axe and wearing a +0 robe (severely wounded)
You draw life force from the meliai!
You kill the meliai!
Kikubaaqudgha accepts your kill.
You feel life coursing into your body.
The dead are flying!
You feel very sick. The meliai misses you. The meliai completely misses you.
The meliai hits you with a +0 hand axe.
* * * LOW HITPOINT WARNING * * *
The meliai hits your meliai zombie with a +0 hand axe!
The meliai completely misses you. The meliai hits you with a +0 hand axe.
* * * LOW HITPOINT WARNING * * *
The meliai hits your meliai zombie with a +0 hand axe.
The meliai stings you.
* * * LOW HITPOINT WARNING * * *
The meliai invokes the aid of its god against you.
Something smites you!
You die...
Kikubaaqudgha rasps: "You have failed me!
Welcome... death!"

###########
#.........# #
#.........#
...##
#)........#
#....#yZ.......#
#.y@.....<..#
###)........#
##+########


You could see 2 meliai and a friendly meliai zombie.

Vanquished Creatures
  5 two-headed ogres
  2 boulder beetles (D:11)
  Urug (D:10)
  Nergalle (D:10)
  Pikel (D:8)
  2 cyclopes
  A manticore (D:11)
  Joseph (D:7)
  A gargoyle (D:10)
  Maggie (D:8)
  An unseen horror (D:11)
  A komodo dragon (D:8)
  A meliai (D:12)
  2 trolls (D:9)
  3 wyverns
  2 wraiths (D:9)
  11 yaks
  A vampire (D:11)
  2 basilisks
  A steam dragon (D:7)
  2 acid dragons
  5 water moccasins
  2 sky beasts
  An ice beast (D:6)
  6 orc warriors
  3 black bears
  7 centaurs
  4 kobold brigands
  A necrophage (D:6)
  6 bullfrogs
  2 gnoll sergeants
  2 scorpions
  14 wights
  18 killer bees
  An electric eel (D:10)
  8 howler monkeys
  A jelly (D:6)
  3 hounds
  5 orc priests
  An iguana (D:6)
  10 orc wizards
  9 gnolls
  11 adders
  A white imp (D:8)
  An ufetubus (D:4)
  6 worms
  6 dart slugs
  23 orcs
  4 ball pythons
  10 endoplasms
  5 giant cockroaches
  11 hobgoblins
  2 jackals (D:2)
  4 quokkas
  6 bats
  5 frilled lizards (D:2)
  4 goblins
  23 kobolds
  4 rats
278 creatures vanquished.

Vanquished Creatures (collateral kills)
  An ugly thing (D:11)
  A freezing wraith (D:10)
  A yak (D:10)
  2 killer bees (D:10)
  A howler monkey (D:10)
  A worm (D:2)
  2 orcs
  A hobgoblin (D:3)
  A kobold (D:11)
11 creatures vanquished.

Vanquished Creatures (others)
  A manticore zombie (D:11)
  2 yak zombies (D:11)
  A killer bee (D:9)
  2 centaur zombies
  An orc wizard (D:11)
  11 killer bee zombies
  2 howler monkey zombies (D:9)
  2 orc zombies (D:11)
  A quokka (D:11)
  3 gnoll zombies (D:11)
  3 kobold zombies (D:11)
  32 fungi (D:8)
  43 plants (D:8)
104 creatures vanquished.

Grand Total: 393 creatures vanquished

Notes
Turn   | Place    | Note
-------+----------+-------------------------------------------
     0 | D:1      | BubbleThief the Demonspawn Necromancer began the quest for
                  | the Orb.
     0 | D:1      | Reached XP level 1. HP: 13/13 MP: 3/3
    12 | D:1      | Found a faded altar of an unknown god.
   203 | D:1      | Gained mutation: You regenerate a little health from kills.
                  | [demonic ancestry]
   203 | D:1      | Reached XP level 2. HP: 19/19 MP: 0/5
   589 | D:1      | Reached skill level 5 in Necromancy
   953 | D:2      | Reached XP level 3. HP: 25/25 MP: 2/6
  1069 | D:2      | Reached skill level 1 in Fighting
  1399 | D:2      | Learned a level 3 spell: Vampiric Draining
  1438 | D:2      | Gained mutation: You regenerate health from kills. [demonic
                  | ancestry]
  1438 | D:2      | Reached XP level 4. HP: 32/32 MP: 1/7
  1530 | D:2      | Identified the ring "Qimol" {Contam Will++ Str+6 Dex+2
                  | SInv}
  2508 | D:3      | Reached XP level 5. HP: 36/39 MP: 1/8
  2636 | D:3      | Found an opulent altar of Gozag.
  2697 | D:3      | Noticed a black bear
  2707 | D:3      | Killed a black bear
  3491 | D:4      | Reached XP level 6. HP: 43/47 MP: 3/9
  4138 | D:5      | Entered Level 5 of the Dungeon
  4514 | D:5      | Found an iron altar of Okawaru.
  5039 | D:6      | Gained mutation: You may rarely emit foul miasma when
                  | damaged in melee. [demonic ancestry]
  5039 | D:6      | Reached XP level 7. HP: 55/55 MP: 3/10
  5153 | D:6      | Reached skill level 5 in Dodging
  5241 | D:6      | Reached skill level 5 in Fighting
  5291 | D:6      | Found Quyhetaxe's Antique Weapon Emporium.
  5301 | D:6      | Bought a runed falchion for 126 gold pieces
  5301 | D:6      | Bought a glowing falchion for 126 gold pieces
  5392 | D:6      | Got the Verses on Boreal Force
  5395 | D:6      | Learned a level 1 spell: Kiss of Death
  5784 | D:6      | Found a staircase to the Ecumenical Temple.
  5811 | Temple   | Entered the Ecumenical Temple
  5830 | Temple   | Became a worshipper of Kikubaaqudgha
  6095 | D:7      | Noticed Joseph
  6113 | D:7      | HP: 1/57 [Joseph/+0 quarterstaff (14)]
  6114 | D:7      | Killed Joseph
  6115 | D:7      | Gained mutation: You have large cloven feet. [demonic
                  | ancestry]
  6115 | D:7      | Reached XP level 8. HP: 2/65 MP: 0/11
  6740 | D:7      | Learned a level 2 spell: Cigotuvi's Dreadful Rot
  6745 | D:7      | Learned a level 4 spell: Animate Dead
  7381 | D:7      | You fall into a shaft and drop 1 floor!
  7566 | D:8      | Noticed Pikel
  7597 | D:8      | Killed Pikel
  7598 | D:8      | Reached XP level 9. HP: 35/75 MP: 2/12
  7694 | D:8      | Found a shimmering altar of Xom.
  7695 | D:8      | Found an ornate altar of the Wu Jian Council.
  7695 | D:8      | Found a hide-covered altar of Uskayaw.
  7796 | D:8      | Noticed a komodo dragon
  7807 | D:8      | Killed a komodo dragon
  8100 | D:8      | Found a staircase to the Lair.
  8176 | D:8      | Noticed a two-headed ogre
  8185 | D:8      | Killed a two-headed ogre
  8186 | D:8      | Reached skill level 10 in Fighting
  8186 | D:8      | Reached XP level 10. HP: 78/85 MP: 0/13
  8379 | D:8      | Noticed Maggie
  8398 | D:8      | Killed Maggie
  8398 | D:8      | Reached * piety under Kikubaaqudgha
  8398 | D:8      | Received a gift from Kikubaaqudgha
  8791 | D:8      | Found a shimmering blue altar of Sif Muna.
  8898 | D:9      | Reached skill level 10 in Dodging
  9347 | D:9      | Reached ** piety under Kikubaaqudgha
  9807 | D:9      | Found a runed translucent door.
  9813 | D:9      | Noticed asti's ghost (novice MiBe)
 10055 | D:9      | Reached XP level 11. HP: 89/95 MP: 14/14
 10274 | D:10     | Entered Level 10 of the Dungeon
 10274 | D:10     | Noticed a two-headed ogre
 10360 | D:10     | Noticed a two-headed ogre
 10372 | D:10     | Killed a two-headed ogre
 10391 | D:10     | Noticed Urug
 10559 | D:9      | Killed a two-headed ogre
 10794 | D:10     | Noticed Nergalle
 10819 | D:10     | Killed Nergalle
 10820 | D:10     | Reached skill level 1 in Long Blades
 11019 | D:10     | Reached *** piety under Kikubaaqudgha
 11019 | D:10     | Received a gift from Kikubaaqudgha
 11038 | D:10     | Noticed a two-headed ogre
 11047 | D:10     | Killed a two-headed ogre
 11143 | D:10     | Noticed a two-headed ogre
 11242 | D:9      | Killed a two-headed ogre
 11517 | D:10     | HP: 4/96 [killer bee (8)]
 11723 | D:10     | Identified the +0 pair of gloves of Responsibility {rPois
                  | Will++}
 11954 | D:10     | Killed Urug
 12270 | D:11     | Found Wigior's Magic Scroll Boutique.
 12369 | D:11     | Bought a scroll of enchant armour for 112 gold pieces
 12369 | D:11     | Bought 2 scrolls of teleportation for 90 gold pieces
 12382 | D:11     | Found Xommonis's Antique Weapon Emporium.
 12386 | D:11     | Noticed a boulder beetle
 12392 | D:11     | Noticed a boulder beetle
 12428 | D:11     | Killed a boulder beetle
 12429 | D:11     | Reached skill level 5 in Long Blades
 12524 | D:11     | Killed a boulder beetle
 12525 | D:11     | Gained mutation: You are partially covered in molten
                  | scales. (AC +2) [demonic ancestry]
 12525 | D:11     | Reached XP level 12. HP: 101/103 MP: 4/15
 12754 | D:11     | Found Colasm's Antique Armour Shoppe.
 13163 | D:11     | Found a runed translucent gate.
 13163 | D:11     | Found a runed translucent gate.
 13163 | D:11     | Found a runed translucent gate.
 13169 | D:11     | Noticed domi's ghost (journeyman DsCj)
 13239 | D:11     | Reached **** piety under Kikubaaqudgha
 13262 | D:11     | Found a staircase to the Orcish Mines.
 13500 | D:12     | HP: 1/103 [meliai/+0 hand axe (6)]
 13500 | D:12     | Killed from afar by a meliai

Illustrated notes

Levels and vault maps discovered:
D:1:      dpeg_arrival_orchard, layout_rooms,
          hellmonk_ecumenical_altar_slurped_away
D:2:      minmay_razor_zed, layout_rooms, minmay_mini_jars
D:3:      layout_basic, nicolae_gozag_cash_rules_everything_around_me,
          minmay_cut_off
D:4:      layout_basic
D:5:      layout_gridville, mainiacjoe_overflow_tiny_flanked,
          small_statue_intersection
D:6:      layout_basic, minmay_temple_entry_nine_rooms, serial_shops, shop,
          grunt_ministairs_2
D:7:      layout_basic, uniq_joseph
D:8:      layout_basic, nicolae_sif_muna_little_library,
          grunt_temple_overflow_open, due_lair_maze_entry_diamond,
          moated_statue, minmay_checkerbox, uniq_maggie, uniq_pikel
D:9:      layout_loops_ring, ebering_ghost_reflecting_pool, grunt_potential
D:10:     cheibrodos_fzero, layout_rooms, lightli_minifort, uniq_nergalle,
          uniq_urug
D:11:     layout_roguey, david_orc_4, gammafunk_ghost_necromancy, serial_shops,
          nicolae_shop_advertising_works [nicolae_subvault_shop_adworks],
          nicolae_take_the_stairs, shop, elyvilon_altar_4
D:12:     layout_roguey, hangedman_abyss_or_decor_passed, uniq_sonja,
          uniq_jorgrun, uniq_psyche
Temple:   eino_wide_crystal_templ

Skill      XL: |  1  2  3  4  5  6  7  8  9 10 11 12 |
---------------+-------------------------------------+-----
Necromancy     | 5 |  5.1
Dodging        | 2 3 4 6 7 9 11 12 | 12.2
Fighting       | 1 2 3 4 6 8 10 11 12 | 12.7
Long Blades    | 5 7 |  7.7
Stealth        | |  1.7
Spellcasting   | |  2.4

Action                     |  1- 3 |  4- 6 |  7- 9 | 10-12 || total
---------------------------+-------+-------+-------+-------++-------
  Melee: Unarmed           |    19 |     8 |       |       ||    27
         Falchion          |       |    13 |       |       ||    13
         Short sword       |       |    22 |   177 |   295 ||   494
         Punch             |       |       |     7 |    12 ||    19
         Kick              |       |       |    60 |   211 ||   271
         Long sword        |       |       |       |    64 ||    64
         Double sword      |       |       |       |   151 ||   151
   Cast: Necrotise         |    76 |   121 |    29 |    21 ||   247
         Vampiric Draining |       |     1 |    11 |    65 ||    77
         Cigotuvi's Dreadf |       |       |     3 |       ||     3
         Animate Dead      |       |       |       |     8 ||     8
  Evoke: Wand              |       |       |    12 |     8 ||    20
    Use: Scroll            |       |       |     3 |    12 ||    15
         Potion            |       |       |       |     5 ||     5
   Stab: Sleeping          |       |       |     3 |     3 ||     6
         Distracted        |       |       |       |     1 ||     1
 Armour: Robe              |     2 |    12 |       |       ||    14
         Steam dragon scal |       |     1 |    45 |   134 ||   180
  Dodge: Dodged            |    11 |    62 |   142 |   883 ||  1098

Table legend: (Time is in decaauts)
 A = Elapsed time spent in this place.
 B = Non-inter-level travel time spent in this place.
 C = Inter-level travel time spent in this place.
 D = Time resting spent in this place.
 E = Time spent auto-exploring this place.
 F = Levels seen in this place.
 G = Mean time per level.
                   A        B        C        D        E       F      G
               +--------+--------+--------+--------+--------+-----+--------+
         Total |  13564 |  13125 |    439 |   1033 |   9708 |  13 | 1043.4 |
       Dungeon |  13532 |  13104 |    428 |   1033 |   9698 |  12 | 1127.7 |
        Temple |     31 |     20 |     11 |      0 |     10 |   1 |   31.0 |
               +--------+--------+--------+--------+--------+-----+--------+

Top non-repeatable levels by time:
     D:9: 2090 daAuts
     D:7: 1591 daAuts
    D:11: 1395 daAuts
     D:8: 1376 daAuts
     D:2: 1191 daAuts
    D:10: 1183 daAuts
     D:4: 1036 daAuts
     D:6: 981 daAuts
     D:3: 963 daAuts
     D:1: 946 daAuts
     D:5: 751 daAuts
  Temple: 31 daAuts
    D:12: 24 daAuts
